 Dungeon Crawl Stone Soup version 0.24.0-123-gd5b16e6ec5 (webtiles) character file.

Game seed: 16333811059586399475, levelgen mode: deterministic

6410 FluffGlitter the Geomancer (level 10, -2/59 HPs)
             Began as a Gargoyle Earth Elementalist on Jan 12, 2020.
             Was a Follower of Kikubaaqudgha.
             Killed by divine providence
             ... invoked by an orc priest
              (12 damage)
             ... on level 9 of the Dungeon.
             The game lasted 01:15:38 (14778 turns).

FluffGlitter the Geomancer (GrEE)                  Turns: 14778, Time: 01:15:38

Health: -2/59      AC: 13    Str: 12    XL:     10   Next: 98%
Magic:  21/21      EV: 13    Int: 17    God:    Kikubaaqudgha [*.....]
Gold:   344        SH:  0    Dex: 12    Spells: 20/24 levels left

rFire    . . .     SeeInvis .   h - +2 dagger (venom)
rCold    . . .     Gourm    .   (no shield)
rNeg     + . .     Faith    .   C - +3 leather armour {rPois}
rPois    ∞         Spirit   .   (no helmet)
rElec    +         Reflect  .   b - scarf {repulsion}
rCorr    .         Harm     .   (no gloves)
MR       +....                  (no boots)
Stlth    +++.......             (no amulet)
HPRegen  0.19/turn              l - ring of protection from magic
MPRegen  0.17/turn              (no ring)

@: repel missiles
A: negative energy resistance 1, electricity resistance, unbreathing,
petrification resistance, rot immunity, AC +7
a: Receive Corpses, Renounce Religion


You were on level 9 of the Dungeon.
You worshipped Kikubaaqudgha.
Kikubaaqudgha was aware of your devotion.
You were not hungry.

You visited 2 branches of the dungeon, and saw 11 of its levels.

You collected 344 gold pieces.

Inventory:

Hand Weapons
 h - a +2 dagger of venom (weapon)
   (You took it off an orc on level 7 of the Dungeon)
 A - a +2 dagger of speed
   (You took it off an orc wizard on level 6 of the Dungeon)
Missiles
 a - 44 stones
 i - 2 boomerangs (quivered)
 k - 5 silver javelins
 o - 7 datura-tipped darts
 w - 60 poisoned darts
 H - 3 throwing nets {!f}
Armour
 b - a scarf of repulsion (worn)
   (You found it on level 8 of the Dungeon)
 x - a +0 cloak
   (You took it off Crazy Yiuf on level 3 of the Dungeon)
 C - a +3 leather armour of poison resistance (worn)
   (You took it off Eustachio on level 4 of the Dungeon)
Jewellery
 l - a ring of protection from magic (left hand)
   (You took it off a hobgoblin on level 2 of the Dungeon)
Wands
 d - a wand of iceblast (4)
   (You found it on level 2 of the Dungeon)
Scrolls
 f - a scroll of noise {unknown}
 j - 3 scrolls of blinking
 n - a scroll of teleportation {@r4}
 q - a scroll of magic mapping {unknown}
 t - a scroll of fear
 u - 6 scrolls of remove curse {@r2}
 y - a scroll of immolation {unknown}
 E - a scroll of enchant armour {unknown}
 F - a scroll of fog {unknown}
 G - 2 scrolls of enchant weapon {unknown}
 I - 2 scrolls of identify {@r1}
Potions
 c - 4 potions of ambrosia
 g - 3 potions of magic
 m - 2 potions of haste {@q3}
 p - 2 potions of invisibility
 r - a potion of flight {unknown}
 s - 3 potions of curing {@q1}
 v - a potion of agility {unknown}
 z - a potion of mutation {unknown}
 B - a potion of degeneration {unknown}
 D - a potion of lignification {unknown}
 J - a potion of cancellation {unknown}
Comestibles
 e - 11 rations {!d}
 K - 12 chunks of flesh


   Skills:
 + Level 5.5 Fighting
 - Level 5.7 Short Blades
 + Level 4.7 Dodging
 - Level 8.1 Stealth
 - Level 7.5 Spellcasting
   Level 0.7 Transmutations
 - Level 10.1 Earth Magic


You had 20 spell levels left.
You knew the following spells:

 Your Spells              Type           Power        Failure   Level  Hunger
a - Sandblast             Erth           #####.       1%          1    None
x - Stone Arrow           Conj/Erth      ###...       5%          3    ##.....

Your spell library contained the following spells:

 Spells                   Type           Power        Failure   Level  Hunger
 Passwall                 Tmut/Erth      ###.....     2%          2    None
 Lee's Rapid Deconstruct  Erth           #####.....   6%          5    #####..
 Animate Skeleton         Necr           N/A          14%         1    None
 Confusing Touch          Hex            #.....       14%         1    None
 Pain                     Necr           #...         14%         1    None
 Petrify                  Tmut/Erth      ###.....     16%         4    ####...
 Corpse Rot               Necr           N/A          22%         2    None
 Confuse                  Hex            #.......     38%         3    ##.....
 Gell's Gravitas          Tloc           #.........   38%         3    ##.....
 Vampiric Draining        Necr           #.........   38%         3    ##.....
 Metabolic Englaciation   Hex/Ice        #.........   98%         5    #####..
 Yara's Violent Unravell  Hex/Tmut       #.........   98%         5    #####..


Dungeon Overview and Level Annotations

Branches:
Dungeon (10/15)            Temple (1/1) D:6
   Lair: D:8-11         Orc: D:9-12

Altars:
Ashenzari
Cheibriados
Dithmenos
Elyvilon
Fedhas
Gozag
Hepliaklqana
Kikubaaqudgha
Makhleb
Nemelex Xobeh
Okawaru
Qazlal
Ru
Sif Muna
Trog
Uskayaw
Vehumet
Wu Jian
Xom
Yredelemnul
Zin
The Shining One

Shops:
D:6 %   D:7 *

Annotations:
D:3 2 transporters, leetStiK's ghost, amateur CeHu
D:4 1 runed translucent door, bl4d3's ghost, amateur GrFi
D:8 3 runed translucent doors, CrPA's ghost, novice MiHu


Innate Abilities, Weirdness & Mutations

You are resistant to torment.
Your stone body is resilient. (AC +7)
You are immune to poison.
You resist negative energy. (rN+)
You are resistant to electric shocks. (rElec)
You can survive without breathing.
You are immune to petrification.
You are immune to rotting.


Message History

You throw a boomerang.
The boomerang hits the orc warrior but does no damage.
The orc warrior closely misses you.
You hit the orc warrior but do no damage.
The orc warrior is poisoned.
You closely miss the orc warrior.
The orc warrior hits you with a +0 long sword.
You barely miss the orc warrior. You closely miss the orc warrior.
The orc warrior hits you but does no damage.
You hit the orc warrior.
The orc warrior hits you with a +0 long sword.
You hit the orc warrior but do no damage.
The orc shouts!
You hit the orc warrior but do no damage.
The orc warrior looks as sick as possible!
You hear a shout! x2
The orc warrior hits you with a +0 long sword!
You hit the orc warrior but do no damage.
The orc warrior looks as sick as possible!
The orc hits you from afar with a +0 trident.
You hit the orc warrior.
The orc warrior looks as sick as possible!
The orc warrior hits you with a +0 long sword.
The orc hits you but does no damage.
You hit the orc warrior but do no damage.
The orc warrior looks as sick as possible!
You hit the orc warrior but do no damage.
The orc warrior hits you but does no damage.
The orc barely misses you.
You hit the orc warrior.
The orc warrior looks as sick as possible!
The orc warrior hits you with a +0 long sword!
* * * LOW HITPOINT WARNING * * *
Aim: an orc warrior, wielding a +0 long sword and wearing a +0 chain mail (heavily wounded, poisoned)
The blast of sand hits the orc warrior but does no damage.
a - 44 stones The orc hits you from afar with a +0 trident.
* * * LOW HITPOINT WARNING * * *
The orc hits you but does no damage.
There is an open door here.
The orc priest mumbles some strange prayers to Beogh against you.
Beogh smites you!
* * * LOW HITPOINT WARNING * * *
You kill the orc warrior!
Kikubaaqudgha accepts your kill.
The orc priest calls down the wrath of Beogh upon you.
Beogh smites you!
You die...
Kikubaaqudgha rasps: "You have failed me!
Welcome... oblivion!"

#..# P.....PPP.. ####.##
##...P...P.P. #....#
#...P...P.P.. ##'#######
##.....#+##.P. #........#
#..P...# .P.
#........###.P...P# ...P.
#......).))..P....####..P..
#........####.PP.......P...
#........# ##@...........#
#.)......# #.....P..P...#
##)####### ##...P...P..#
#..# ###o.....# ##.#
###o..## #.# #####)###
#[### #....o..# #...###
#......o# ##### ###...#
#.......####.....


You could see an orc priest and an orc.

Vanquished Creatures
  Harold (D:7)
  A two-headed ogre (D:9)
  Joseph (D:8)
  A troll (D:9)
  A hornet (D:9)
  Prince Ribbit (D:6)
  A hippogriff (D:9)
  A wyvern (D:9)
  A spriggan (D:8)
  A hungry ghost (D:8)
  Eustachio (D:4)
  Menkaure (D:4)
  Edmund (D:6)
  A porcupine (D:9)
  2 sky beasts (D:5)
  2 ice beasts
  3 orc warriors (D:9)
  A phantom (D:4)
  An ogre (D:9)
  A centaur (D:8)
  A bullfrog (D:8)
  A wyvern skeleton (D:9)
  2 scorpions
  A water moccasin skeleton (D:8)
  6 killer bees
  3 howler monkeys
  2 crimson imps
  4 hounds
  3 bullfrog skeletons
  4 jellies
  7 orc priests
  Crazy Yiuf (D:3)
  An iguana (D:4)
  12 orc wizards
  3 worker ants
  A killer bee zombie (D:6)
  A hound zombie (D:5)
  A hound skeleton (D:9)
  A howler monkey skeleton (D:6)
  A worker ant zombie (D:9)
  12 adders
  2 shadow imps
  4 dart slugs
  3 worms
  2 leopard geckos
  51 orcs
  A ball python (D:2)
  9 bats
  5 giant cockroaches
  7 goblins
  8 hobgoblins
  11 jackals
  3 quokkas
  3 frilled lizards
  A jackal skeleton (D:4)
  6 kobolds
  2 quokka zombies
  3 rats
213 creatures vanquished.

Vanquished Creatures (others)
  An orc wizard (D:4)
  9 fungi (D:9)
  12 plants
22 creatures vanquished.

Grand Total: 235 creatures vanquished

Notes
Turn   | Place    | Note
-------+----------+-------------------------------------------
     0 | D:1      | FluffGlitter the Gargoyle Earth Elementalist began the
                  | quest for the Orb.
     0 | D:1      | Reached XP level 1. HP: 10/10 MP: 3/3
   292 | D:1      | Reached XP level 2. HP: 15/15 MP: 0/5
   827 | D:1      | Reached XP level 3. HP: 17/19 MP: 4/6
  1285 | D:2      | Reached skill level 1 in Short Blades
  1587 | D:2      | Reached XP level 4. HP: 19/24 MP: 7/7
  1647 | D:2      | Found a burning altar of Makhleb.
  2595 | D:3      | Reached skill level 4 in Earth Magic
  2930 | D:3      | Reached XP level 5. HP: 23/28 MP: 6/8
  3613 | D:3      | Found a shattered altar of Ashenzari.
  3613 | D:3      | Found a hide-covered altar of Uskayaw.
  4230 | D:3      | Reached XP level 6. HP: 18/32 MP: 8/10
  4538 | D:3      | Found a transporter.
  4543 | D:3      | Found a transporter.
  4564 | D:3      | Found a runed translucent door.
  4565 | D:3      | Noticed Crazy Yiuf
  4594 | D:3      | Noticed leetStiK's ghost (amateur CeHu)
  4761 | D:3      | Killed Crazy Yiuf
  5029 | D:4      | Noticed a phantom
  5067 | D:4      | Reached skill level 5 in Stealth
  5340 | D:4      | Killed a phantom
  5449 | D:5      | Entered Level 5 of the Dungeon
  5450 | D:5      | Reached XP level 7. HP: 36/36 MP: 11/11
  5616 | D:4      | Found a runed translucent door.
  5713 | D:4      | Noticed Eustachio
  5720 | D:4      | Killed Eustachio
  6152 | D:4      | Noticed Menkaure
  6184 | D:4      | Killed Menkaure
  6289 | D:4      | Found a sparkling altar of Nemelex Xobeh.
  6311 | D:4      | Noticed bl4d3's ghost (amateur GrFi)
  6430 | D:4      | Reached skill level 5 in Short Blades
  6430 | D:4      | Reached XP level 8. HP: 35/41 MP: 6/12
  6690 | D:5      | Found a glowing golden altar of the Shining One.
  7073 | D:5      | Learned a level 3 spell: Stone Arrow
  7495 | D:5      | Reached skill level 5 in Earth Magic
  8414 | D:6      | Found Ynif's Food Shoppe.
  8416 | D:6      | Noticed Edmund
  8423 | D:6      | Found a staircase to the Ecumenical Temple.
  8441 | D:6      | Reached skill level 6 in Earth Magic
  8550 | D:6      | Killed Edmund
  8550 | D:6      | Reached XP level 9. HP: 29/45 MP: 0/15
  9311 | D:6      | Noticed Prince Ribbit
  9323 | D:6      | Killed Prince Ribbit
  9323 | D:6      | Reached skill level 5 in Spellcasting
  9323 | D:6      | Reached skill level 7 in Earth Magic
  9392 | Temple   | Entered the Ecumenical Temple
  9652 | D:6      | Found an ancient bone altar of Kikubaaqudgha.
  9655 | D:6      | Became a worshipper of Kikubaaqudgha
  9938 | D:7      | Noticed Harold
  9984 | D:7      | Killed Harold
  9984 | D:7      | Reached skill level 8 in Earth Magic
 10755 | D:8      | Noticed a two-headed ogre
 10755 | D:8      | Noticed a two-headed ogre
 10812 | D:7      | Found Puceemn's Lightly-Used Armoury.
 10819 | D:7      | You fall into a shaft and drop 2 floors!
 10882 | D:9      | Noticed a hornet
 10890 | D:9      | Killed a hornet
 10890 | D:9      | Reached skill level 9 in Earth Magic
 11021 | D:9      | Reached XP level 10. HP: 21/50 MP: 13/20
 11028 | D:9      | HP: 1/50 [two-headed ogre/+0 dire flail (22)]
 11039 | D:9      | Killed a two-headed ogre
 11039 | D:9      | Reached skill level 10 in Earth Magic
 11248 | D:8      | Noticed Joseph
 11635 | D:7      | Found a basalt altar of Yredelemnul.
 11758 | D:8      | Noticed a flayed ghost
 11843 | D:8      | Found a runed translucent gate.
 11843 | D:8      | Found a runed translucent gate.
 11844 | D:8      | Found a runed translucent gate.
 12269 | D:8      | Killed Joseph
 12269 | D:8      | Reached skill level 1 in Fighting
 12301 | D:8      | Noticed CrPA's ghost (novice MiHu)
 12707 | D:8      | Reached * piety under Kikubaaqudgha
 12707 | D:8      | Identified Kikubaaqudgha's Handbook of Sinister Rites
                  | (Kikubaaqudgha gifted it to you on level 8 of the Dungeon)
 12707 | D:8      | Received a gift from Kikubaaqudgha
 13141 | D:8      | You fall into a shaft and drop 1 floor!
 13300 | D:8      | Found an ornate altar of the Wu Jian Council.
 13856 | D:9      | Found a hazy altar of Hepliaklqana.
 14178 | D:10     | Entered Level 10 of the Dungeon
 14548 | D:9      | Reached skill level 5 in Fighting
 14778 | D:9      | Killed from afar by an orc priest

Levels and vault maps discovered:
D:1:      roderic_chinese_lattice_arrival, layout_basic, minmay_pentomino_r2
D:2:      layout_rooms, bloody_makhleb, first_ration
D:3:      layout_basic, amethyst_overflow_temple_binary,
          gammafunk_ghost_gnarly_gnolls, uniq_crazy_yiuf_cottage
D:4:      layout_loops_cross, ebering_ghost_sewer_d, nemelex_spade_bored_becter,
          uniq_eustachio, uniq_menkaure
D:5:      layout_basic, basic_altar
D:6:      layout_basic, marbit_many_paths, temple_pool_b, serial_shops, shop,
          uniq_edmund, uniq_prince_ribbit1
D:7:      layout_loops_ring, yredelemnul_altar_generic, minmay_shop_damaged,
          uniq_harold
D:8:      layout_cave_pools, nicolae_overflow_hidden_temple,
          gammafunk_ghost_split, the_bakery, uniq_joseph
D:9:      layout_roguey, nicolae_overflow_crystal_walls,
          grunt_lair_entry_orc_guard_hut
D:10:     layout_big_octagon, hiddenorc2_lemuel, hangedman_decor_peaks_small
Temple:   eino_wide_crystal_templ

Skill      XL: |  1  2  3  4  5  6  7  8  9 10 |
---------------+-------------------------------+-----
Stealth        | 3 4 5 7 8 |  8.1
Short Blades   | 1 2 3 5 |  5.7
Earth Magic    | 4 6 9 10 | 10.1
Spellcasting   | 4 6 7 |  7.5
Fighting       | 5 |  5.5
Dodging        | 4 |  4.7
Transmutations | |  0.7

Action                   |  1- 3 |  4- 6 |  7- 9 | 10-12 || total
-------------------------+-------+-------+-------+-------++-------
Melee: Unarmed           |     4 |       |       |       ||     4
       Dagger            |    94 |   318 |   360 |   277 ||  1049
Throw: Stone             |     6 |       |       |       ||     6
       Boomerang         |    24 |    46 |    63 |    19 ||   152
 Cast: Sandblast         |    24 |    36 |   146 |    25 ||   231
       Stone Arrow       |       |       |     5 |    19 ||    24
  Use: Scroll            |       |       |    10 |     5 ||    15
       Potion            |       |       |     1 |     2 ||     3
 Stab: Sleeping          |     1 |     8 |    12 |     5 ||    26
       Fleeing           |       |       |       |     1 ||     1
  Eat: Chunk             |     3 |     7 |     5 |     6 ||    21
       Ration            |       |     2 |     4 |     2 ||     8
Armor: Robe              |    23 |       |       |       ||    23
       Leather armour    |    25 |   120 |   174 |   118 ||   437
Dodge: Dodged            |    67 |   185 |   215 |   169 ||   636
